%YAML 1.1
%TAG !u! tag:unity3d.com,2011:
--- !u!1 &6308798713131250667
GameObject:
  m_ObjectHideFlags: 0
  m_CorrespondingSourceObject: {fileID: 0}
  m_PrefabInstance: {fileID: 0}
  m_PrefabAsset: {fileID: 0}
  serializedVersion: 6
  m_Component:
  - component: {fileID: 6308798713131250666}
  m_Layer: 0
  m_Name: Mesh
  m_TagString: Untagged
  m_Icon: {fileID: 0}
  m_NavMeshLayer: 0
  m_StaticEditorFlags: 0
  m_IsActive: 1
--- !u!4 &6308798713131250666
Transform:
  m_ObjectHideFlags: 0
  m_CorrespondingSourceObject: {fileID: 0}
  m_PrefabInstance: {fileID: 0}
  m_PrefabAsset: {fileID: 0}
  m_GameObject: {fileID: 6308798713131250667}
  m_LocalRotation: {x: 0, y: 0, z: 0, w: 1}
  m_LocalPosition: {x: 0, y: 0, z: 0}
  m_LocalScale: {x: 1, y: 1, z: 1}
  m_Children:
  - {fileID: 2612867972672977614}
  m_Father: {fileID: 6308798713300430225}
  m_RootOrder: 0
  m_LocalEulerAnglesHint: {x: 0, y: 0, z: 0}
--- !u!1 &6308798713300430226
GameObject:
  m_ObjectHideFlags: 0
  m_CorrespondingSourceObject: {fileID: 0}
  m_PrefabInstance: {fileID: 0}
  m_PrefabAsset: {fileID: 0}
  serializedVersion: 6
  m_Component:
  - component: {fileID: 6308798713300430225}
  - component: {fileID: 6308798713300430224}
  m_Layer: 0
  m_Name: Snake
  m_TagString: Untagged
  m_Icon: {fileID: 0}
  m_NavMeshLayer: 0
  m_StaticEditorFlags: 0
  m_IsActive: 1
--- !u!4 &6308798713300430225
Transform:
  m_ObjectHideFlags: 0
  m_CorrespondingSourceObject: {fileID: 0}
  m_PrefabInstance: {fileID: 0}
  m_PrefabAsset: {fileID: 0}
  m_GameObject: {fileID: 6308798713300430226}
  m_LocalRotation: {x: 0, y: 0, z: 0, w: 1}
  m_LocalPosition: {x: 0, y: 0, z: 0}
  m_LocalScale: {x: 1, y: 1, z: 1}
  m_Children:
  - {fileID: 6308798713131250666}
  m_Father: {fileID: 0}
  m_RootOrder: 0
  m_LocalEulerAnglesHint: {x: 0, y: 0, z: 0}
--- !u!114 &6308798713300430224
MonoBehaviour:
  m_ObjectHideFlags: 0
  m_CorrespondingSourceObject: {fileID: 0}
  m_PrefabInstance: {fileID: 0}
  m_PrefabAsset: {fileID: 0}
  m_GameObject: {fileID: 6308798713300430226}
  m_Enabled: 1
  m_EditorHideFlags: 0
  m_Script: {fileID: 11500000, guid: cd0e175893169e34792bcb72586ed3ff, type: 3}
  m_Name: 
  m_EditorClassIdentifier: 
  materialsAnimal:
  - mat_name: Head
    ID: 2
    mesh: {fileID: 3749784692156858785}
  - mat_name: Corne
    ID: 1
    mesh: {fileID: 3749784692156858785}
  - mat_name: Mouth
    ID: 3
    mesh: {fileID: 3749784692156858785}
  - mat_name: Tongue
    ID: 7
    mesh: {fileID: 3749784692156858785}
  - mat_name: DownTail01
    ID: 4
    mesh: {fileID: 3749784692156858785}
  - mat_name: DownTail02
    ID: 6
    mesh: {fileID: 3749784692156858785}
  - mat_name: UpTail
    ID: 5
    mesh: {fileID: 3749784692156858785}
  debugColor:
    serializedVersion: 2
    rgba: 1908194
--- !u!1001 &2578448151041514789
PrefabInstance:
  m_ObjectHideFlags: 0
  serializedVersion: 2
  m_Modification:
    m_TransformParent: {fileID: 6308798713131250666}
    m_Modifications:
    - target: {fileID: -8679921383154817045, guid: 77b366e287e3e13449f03ff912721ae2,
        type: 3}
      propertyPath: m_RootOrder
      value: 0
      objectReference: {fileID: 0}
    - target: {fileID: -8679921383154817045, guid: 77b366e287e3e13449f03ff912721ae2,
        type: 3}
      propertyPath: m_LocalScale.x
      value: 0.005
      objectReference: {fileID: 0}
    - target: {fileID: -8679921383154817045, guid: 77b366e287e3e13449f03ff912721ae2,
        type: 3}
      propertyPath: m_LocalScale.y
      value: 0.005
      objectReference: {fileID: 0}
    - target: {fileID: -8679921383154817045, guid: 77b366e287e3e13449f03ff912721ae2,
        type: 3}
      propertyPath: m_LocalScale.z
      value: 0.005
      objectReference: {fileID: 0}
    - target: {fileID: -8679921383154817045, guid: 77b366e287e3e13449f03ff912721ae2,
        type: 3}
      propertyPath: m_LocalPosition.x
      value: 0.0091
      objectReference: {fileID: 0}
    - target: {fileID: -8679921383154817045, guid: 77b366e287e3e13449f03ff912721ae2,
        type: 3}
      propertyPath: m_LocalPosition.y
      value: 0.0647
      objectReference: {fileID: 0}
    - target: {fileID: -8679921383154817045, guid: 77b366e287e3e13449f03ff912721ae2,
        type: 3}
      propertyPath: m_LocalPosition.z
      value: 0
      objectReference: {fileID: 0}
    - target: {fileID: -8679921383154817045, guid: 77b366e287e3e13449f03ff912721ae2,
        type: 3}
      propertyPath: m_LocalRotation.w
      value: 0.70305496
      objectReference: {fileID: 0}
    - target: {fileID: -8679921383154817045, guid: 77b366e287e3e13449f03ff912721ae2,
        type: 3}
      propertyPath: m_LocalRotation.x
      value: -0.70305496
      objectReference: {fileID: 0}
    - target: {fileID: -8679921383154817045, guid: 77b366e287e3e13449f03ff912721ae2,
        type: 3}
      propertyPath: m_LocalRotation.y
      value: -0.07558914
      objectReference: {fileID: 0}
    - target: {fileID: -8679921383154817045, guid: 77b366e287e3e13449f03ff912721ae2,
        type: 3}
      propertyPath: m_LocalRotation.z
      value: 0.07558914
      objectReference: {fileID: 0}
    - target: {fileID: -8679921383154817045, guid: 77b366e287e3e13449f03ff912721ae2,
        type: 3}
      propertyPath: m_LocalEulerAnglesHint.x
      value: -77.727
      objectReference: {fileID: 0}
    - target: {fileID: -8679921383154817045, guid: 77b366e287e3e13449f03ff912721ae2,
        type: 3}
      propertyPath: m_LocalEulerAnglesHint.y
      value: -90
      objectReference: {fileID: 0}
    - target: {fileID: -8679921383154817045, guid: 77b366e287e3e13449f03ff912721ae2,
        type: 3}
      propertyPath: m_LocalEulerAnglesHint.z
      value: 90
      objectReference: {fileID: 0}
    - target: {fileID: -7511558181221131132, guid: 77b366e287e3e13449f03ff912721ae2,
        type: 3}
      propertyPath: m_Materials.Array.data[0]
      value: 
      objectReference: {fileID: 2100000, guid: 2da783b1863b49a458ab08259b46b53d, type: 2}
    - target: {fileID: -7511558181221131132, guid: 77b366e287e3e13449f03ff912721ae2,
        type: 3}
      propertyPath: m_Materials.Array.data[1]
      value: 
      objectReference: {fileID: 2100000, guid: 46e2f70aa96ef3d4cbd84a8ba5e1628d, type: 2}
    - target: {fileID: -7511558181221131132, guid: 77b366e287e3e13449f03ff912721ae2,
        type: 3}
      propertyPath: m_Materials.Array.data[2]
      value: 
      objectReference: {fileID: 2100000, guid: 600b0be73a0ebab4aab5daf70f5eabbc, type: 2}
    - target: {fileID: -7511558181221131132, guid: 77b366e287e3e13449f03ff912721ae2,
        type: 3}
      propertyPath: m_Materials.Array.data[3]
      value: 
      objectReference: {fileID: 2100000, guid: f28ecd06fe9de0542bffb0f2f25b6f34, type: 2}
    - target: {fileID: -7511558181221131132, guid: 77b366e287e3e13449f03ff912721ae2,
        type: 3}
      propertyPath: m_Materials.Array.data[4]
      value: 
      objectReference: {fileID: 2100000, guid: 2119484a9b6f84b4b80a4d6677424826, type: 2}
    - target: {fileID: -7511558181221131132, guid: 77b366e287e3e13449f03ff912721ae2,
        type: 3}
      propertyPath: m_Materials.Array.data[5]
      value: 
      objectReference: {fileID: 2100000, guid: a6289eae1a323774faf47886239e12cf, type: 2}
    - target: {fileID: -7511558181221131132, guid: 77b366e287e3e13449f03ff912721ae2,
        type: 3}
      propertyPath: m_Materials.Array.data[6]
      value: 
      objectReference: {fileID: 2100000, guid: 5f4c885fa0ca5fd498abd313b68630e2, type: 2}
    - target: {fileID: -7511558181221131132, guid: 77b366e287e3e13449f03ff912721ae2,
        type: 3}
      propertyPath: m_Materials.Array.data[7]
      value: 
      objectReference: {fileID: 2100000, guid: 00bf06886ae82d2429d7299471ae3ee1, type: 2}
    - target: {fileID: 919132149155446097, guid: 77b366e287e3e13449f03ff912721ae2,
        type: 3}
      propertyPath: m_Name
      value: Snake
      objectReference: {fileID: 0}
    m_RemovedComponents: []
  m_SourcePrefab: {fileID: 100100000, guid: 77b366e287e3e13449f03ff912721ae2, type: 3}
--- !u!4 &2612867972672977614 stripped
Transform:
  m_CorrespondingSourceObject: {fileID: -8679921383154817045, guid: 77b366e287e3e13449f03ff912721ae2,
    type: 3}
  m_PrefabInstance: {fileID: 2578448151041514789}
  m_PrefabAsset: {fileID: 0}
--- !u!23 &3749784692156858785 stripped
MeshRenderer:
  m_CorrespondingSourceObject: {fileID: -7511558181221131132, guid: 77b366e287e3e13449f03ff912721ae2,
    type: 3}
  m_PrefabInstance: {fileID: 2578448151041514789}
  m_PrefabAsset: {fileID: 0}
